 Dungeon Crawl Stone Soup version 0.18-a0-902-g8738618 (webtiles) character file.

81 Jmtri7 the Charlatan (level 4, -3/34 HPs)
             Began as a Formicid Artificer on Dec 25, 2015.
             Killed from afar by Nergalle (25 damage)
             ... with a bolt of negative energy
             ... on level 10 of the Dungeon.
             The game lasted 00:07:58 (1571 turns).

Jmtri7 the Charlatan (Formicid Artificer)           Turns: 1571, Time: 00:07:58

Health: -3/34      AC:  6    Str: 17    XL:     4   Next: 68%
Magic:  7/7        EV: 10    Int: 11    God:
Gold:   70         SH:  0    Dex: 11    Spells: 0 memorised, 3 levels left

rFire  . . .     SeeInvis +     g - +0 hand axe
rCold  . . .     Gourm    .     h - +0 ring mail
rNeg   . . .     Faith    .     (no shield)
rPois  .         Spirit   .     (helmet unavailable)
rElec  .         Dismiss  .     (no cloak)
rCorr  .         Reflect  .     (no gloves)
SustAt .         Harm     .     f - +0 pair of boots
MR     .....                    (no amulet)
Stlth  ++........               (no ring)
                                i - ring of stealth

@: starving, drained, not resistant to hostile enchantments, unstealthy
A: permanent stasis, dig shafts and tunnels, four strong arms, antennae 3
a: Dig, Shaft Self


You were on level 10 of the Dungeon.
You were starving.

You visited 1 branch of the dungeon, and saw 6 of its levels.

You collected 70 gold pieces.

Inventory:

Hand Weapons
 g - a +0 hand axe (weapon)
Armour
 f - a +0 pair of boots (worn)
 h - a +0 ring mail (worn)
Jewellery
 i - a ring of stealth (left hand)
Wands
 c - a wand of flame (0/48)
 d - a wand of enslavement (4/24)
 e - a wand of random effects (15/48)
Scrolls
 j - a scroll of amnesia {unknown}
 k - a scroll of identify {unknown}
Potions
 a - a potion of invisibility {unknown}
 b - 2 potions of curing {unknown}
Books
 l - a book of Summonings

   Spells                             Type                      Level
   a - Recall                         Summoning/Translocation      3
   b - Aura of Abjuration             Summoning                    5
   c - Shadow Creatures               Summoning                    5
   d - Summon Demon                   Summoning                    5
   e - Summon Forest                  Summoning/Translocation      5
   f - Summon Mana Viper              Hexes/Summoning              5


   Skills:
 + Level 2.4(1.8) Fighting
   Level 1.0(0.4) Short Blades
 + Level 1.9(1.3) Armour
 - Level 1.7(1.2) Dodging
 - Level 1.2(0.7) Stealth
 - Level 4.5(3.9) Evocations


You had 3 spell levels left.
You didn't know any spells.

Dungeon Overview and Level Annotations

Branches:
Dungeon (10/15)
 Temple: D:4-7         Lair: D:8-11         Orc: D:9-12

Altars:

Annotations:
D:6 Jmtri7's ghost, amateur FoHu
D:10 Nergalle


Innate Abilities, Weirdness & Mutations

You are under a permanent stasis effect.
You can dig through walls and to a lower floor.
Your four strong arms can wield two-handed weapons with a shield.
You have a pair of large antennae on your head (SInv).


Message History

There is a stone staircase leading down here.
You climb downwards.
There is a stone staircase leading up here.
Found a stone staircase leading up.
Nergalle the Soulbinder comes into view.
She is wielding a dagger of venom.
Nergalle shouts!
Zapping:
d - a wand of enslavement (6/24)
Press: ? - help, Shift-Dir - straight line, f - Nergalle
Aim: Nergalle, wielding a dagger of venom and wearing a robe (chance to defeat MR: 22%) Nergalle resists with almost no effort.
This wand has 5 charges left.
Nergalle points at you and mumbles some strange words.
Orcish apparitions take form around you.
Zapping:
d - a wand of enslavement (5/24)
Press: ? - help, Shift-Dir - straight line, f/p - Nergalle
Aim: Nergalle, wielding a dagger of venom and wearing a robe (chance to defeat MR: 22%) Nergalle resists with almost no effort.
This wand has 4 charges left.
Nergalle gestures at you while chanting.
The bolt of negative energy hits you!
You feel drained.
Ouch! That really hurt!
You die...

.a..#.#
#...#.# ......
..... #... #o.
#.# #@#
#######.######
....<...Z....#
.....##.####.#
.... #.# ...
#.# ..
#.####.# .
#......#
#.####.#


You could see Nergalle, a spectral orc warrior and a worker ant (wandering).

Vanquished Creatures
  An orc wizard (D:4)
  4 adders (D:2)
  The ghost of Jmtri7 the Charlatan, a weakling FoAr (D:9)
  3 giant geckos
  2 orcs (D:4)
  A giant cockroach (D:4)
  A hobgoblin (D:2)
  4 jackals
  6 bats (D:2)
  A giant newt (D:2)
  2 rats (D:2)
26 creatures vanquished.

Vanquished Creatures (collateral kills)
  A worm (D:2)
  An orc (D:4)
  A jackal (D:4)
  A quokka (D:2)
  A ball python (D:6)
5 creatures vanquished.

Vanquished Creatures (others)
  A jackal (D:4)
1 creature vanquished.

Grand Total: 32 creatures vanquished

Notes
Turn   | Place    | Note
--------------------------------------------------------------
     0 | D:1      | Jmtri7 the Formicid Artificer began the quest for the Orb.
     0 | D:1      | Reached XP level 1. HP: 15/15 MP: 3/3
    44 | D:1      | You fall through a shaft!
    81 | D:2      | Reached XP level 2. HP: 21/21 MP: 4/4
   167 | D:2      | Reached skill level 4 in Evocations
   175 | D:2      | Reached XP level 3. HP: 21/26 MP: 4/6
   644 | D:2      | Found a faded altar to an unknown god.
   666 | D:2      | Reached skill level 1 in Armour
   837 | D:2      | You fall through a shaft for 2 floors!
   850 | D:4      | Reached XP level 4. HP: 19/33 MP: 7/7
   999 | D:4      | You fall through a shaft for 2 floors!
  1010 | D:6      | Noticed Jmtri7's ghost (amateur FoHu)
  1054 | D:6      | Noticed an orc warrior
  1060 | D:6      | You fall through a shaft for 3 floors!
  1350 | D:9      | Noticed Jmtri7's ghost (weakling FoAr)
  1381 | D:9      | Killed Jmtri7's ghost
  1559 | D:10     | Entered Level 10 of the Dungeon
  1567 | D:10     | Noticed Nergalle
  1571 | D:10     | Killed from afar by Nergalle

Vault maps used:
D:1:      minmay_arrival_doors, serial_park_tiny_2, dk_noncrumbling_3
D:2:      ecumenical_altar_1
D:4:      minmay_door_path, serial_shops, nicolae_shop_behind_doors,
          nicolae_shop_trees, kennysheep_little_box, shop_fountains,
          nicolae_shop_behind_doors
D:6:      lemuel_doored_altar
D:9:      basic_altar, grunt_pizzeria, minmay_misc_feat_tiny
D:10:     uniq_nergalle

Action                   |  1- 3 |  4- 6 || total
-------------------------+-------+-------++-------
Melee: Hand axe          |    60 |   128 ||   188
 Abil: Shaft Self        |     2 |     2 ||     4
       Dig               |     5 |     1 ||     6
Evoke: Wand              |    16 |    10 ||    26
  Eat: Bread ration      |     1 |       ||     1
